 Dungeon Crawl Stone Soup version 0.30.0-5-g1a98f26d00 (webtiles) character file.

Game seed: 10890131165075331290

50 sampeng1 the Insei (level 3, -9/28 HPs)
             Began as a Gnoll Transmuter on May 11, 2023.
             Mangled by Sigmund
             ... wielding a +0 scythe
              (12 damage)
             ... on level 2 of the Dungeon.
             The game lasted 00:05:38 (1239 turns).

sampeng1 the Insei (Gnoll Transmuter)               Turns: 1239, Time: 00:05:39

Health: -9/28      AC:  2    Str: 11    XL:     3   Next: 79%
Magic:  8/9        EV: 13    Int: 12    God:
Gold:   104        SH:  0    Dex: 12    Spells: 11/12 levels left

rFire   . .          .
                       - Unarmed
rCold   . . .        (no shield)
rNeg    . . .        a - +0 robe
rPois   .            f - melded +1 hat
rElec   .            (no cloak)
rCorr   .            (no gloves)
SInv    .            (boots currently unavailable)
Will    .....        (no amulet)
Stlth   ++           (no ring)
HPRegen 0.24/turn    (no ring)
MPRegen 0.11/turn

%: no passive effects
@: appendages
A: horns 2, talons 2, fangs 1, strong nose, distributed training
a: End Transformation


You were on level 2 of the Dungeon.
You had temporarily grown beastly horns and talons.
You visited 1 branch of the dungeon, and saw 2 of its levels.

You collected 104 gold pieces.

Inventory:

Missiles
 d - 28 stones (quivered)
Armour
 a - a +0 robe (worn)
 f - a +1 hat (melded)
 k - a +0 ring mail
Scrolls
 h - a scroll of fog {unknown}
 i - a scroll of enchant armour {unknown}
Potions
 b - 2 potions of lignification
 c - 2 potions of haste {unknown}
 e - a potion of mutation {unknown}
 g - a potion of degeneration {unknown}
 j - a potion of berserk rage {unknown}


   Skills:
 + Level 2.6 Fighting
 + Level 1.0 Short Blades
 + Level 1.0 Long Blades
 + Level 1.0 Axes
 + Level 1.0 Maces & Flails
 + Level 1.0 Polearms
 + Level 1.0 Staves
 + Level 1.0 Ranged Weapons
 + Level 1.0 Throwing
 + Level 1.0 Armour
 + Level 4.6 Dodging
 + Level 1.0 Stealth
 + Level 1.0 Shields
 + Level 6.5 Unarmed Combat
 + Level 5.0 Spellcasting
 + Level 0.7 Conjurations
 + Level 0.7 Hexes
 + Level 0.7 Summonings
 + Level 0.7 Necromancy
 + Level 0.7 Translocations
 + Level 3.8 Transmutations
 + Level 0.7 Fire Magic
 + Level 0.7 Ice Magic
 + Level 0.7 Air Magic
 + Level 0.7 Earth Magic
 + Level 0.7 Poison Magic
 + Level 1.0 Invocations
 + Level 1.0 Evocations


You had 11 spell levels left.
You knew the following spells:

 Your Spells              Type           Power      Damage    Failure   Level
a - Beastly Appendage     Tmut           24%        N/A       4%          1

Your spell library contained the following spells:

 Spells                   Type           Power      Damage    Failure   Level
 Wereblood                Tmut           12%        N/A       6%          2
 Spider Form              Tmut/Pois      8%         N/A       24%         3
 Ozocubu's Armour         Ice            4%         N/A       41%         3
 Ice Form                 Ice/Tmut       8%         N/A       61%         4
 Ozocubu's Refrigeration  Ice            2%         4d7       100%        7


Dungeon Overview and Level Annotations

Branches:
Dungeon (2/15)

Altars:

Shops:
D:1 =

Annotations:
D:2 Sigmund


Innate Abilities, Weirdness & Mutations

You have temporarily grown beastly horns and talons.
You have very sharp teeth.
Your uncanny sense of smell can sniff out nearby items.
Your experience applies equally to all skills.


Message History

You open the door.
A ball python comes into view.
The ball python hisses angrily.
There is an open door here.
The ball python misses you. The ball python barely misses you.
The ball python bites you but does no damage.
The ball python grabs you. The ball python constricts you.
You completely miss the ball python. The ball python closely misses you.
The ball python constricts you.
You hit the ball python.
You kill the ball python!
You see here a ball python corpse.
You see here a ball python corpse.
There is an open door here.
A rat comes into view.
You hit the rat but do no damage. The rat closely misses you.
You punch the rat!
You kill the rat!
Sigmund the Dreaded comes into view.
He is wielding a +0 scythe.
Sigmund shouts!
Sigmund casts a spell.
Sigmund flickers and vanishes!
Deactivating autopickup; reactivate with Ctrl-A.
You are confused.
Something hits you.
You bump into the rock wall.
Something completely misses you. Something hits you.
You feel less confused. Something hits you. Something hits you!
You hear some strange, mumbled words.
A puff of flame appears from out of thin air!
The puff of flame hits you!
* * * LOW HITPOINT WARNING * * *
Something hits you but does no damage.
Casting: Beastly Appendage (safe; 4% risk of failure)
Confirm with . or Enter, or press ? or * to list all spells.
You grow a pair of large bovine horns.
Your feet morph into talons.
Your +1 hat melds into your body.
Something hits you!
You die...

..#........'...†....
##..#......†.#.#######
#...#........#.####
#.#.#........#....###
#####.#.#........#.#....#
#.......+........#...##.#
#.......#........#..###.#
#.......##########.##
#.## #####.#.{@.........#
#..# #..#########..##
##.. #.. #.#### #.. #..
#....# #.. #.#
####.####.. #. #.......
.. #....... .. #.......
#.......


There were no monsters in sight!

Vanquished Creatures
  An adder (D:2)
  A dart slug (D:1)
  3 ball pythons
  2 endoplasms (D:1)
  A giant cockroach (D:1)
  6 hobgoblins (D:1)
  5 kobolds
  2 quokkas (D:1)
  3 bats
  2 frilled lizards (D:2)
  6 goblins
  4 rats
36 creatures vanquished.

Notes
Turn   | Place    | Note
-------+----------+-------------------------------------------
     0 | D:1      | sampeng1 the Gnoll Transmuter began the quest for the Orb.
     0 | D:1      | Reached XP level 1. HP: 17/17 MP: 6/6
   116 | D:1      | Found Juuteaw's Jewellery Boutique.
   157 | D:1      | Reached XP level 2. HP: 19/23 MP: 7/7
   185 | D:1      | You fall into a shaft and drop 1 floor!
   312 | D:2      | Reached skill level 5 in Spellcasting
   312 | D:2      | Reached XP level 3. HP: 25/28 MP: 7/9
   509 | D:1      | Reached skill level 1 in Invocations
  1130 | D:2      | Reached skill level 1 in Short Blades
  1130 | D:2      | Reached skill level 1 in Long Blades
  1130 | D:2      | Reached skill level 1 in Axes
  1130 | D:2      | Reached skill level 1 in Maces & Flails
  1130 | D:2      | Reached skill level 1 in Polearms
  1130 | D:2      | Reached skill level 1 in Staves
  1130 | D:2      | Reached skill level 1 in Ranged Weapons
  1130 | D:2      | Reached skill level 1 in Throwing
  1130 | D:2      | Reached skill level 1 in Armour
  1130 | D:2      | Reached skill level 1 in Stealth
  1130 | D:2      | Reached skill level 1 in Shields
  1130 | D:2      | Reached skill level 1 in Evocations
  1223 | D:2      | Noticed Sigmund
  1239 | D:2      | Mangled by Sigmund

Illustrated notes

Levels and vault maps discovered:
D:1:      dpeg_arrival_pond, layout_basic, serial_shops, shop
D:2:      minmay_angry_zag, layout_rooms, basic_altar, minivault_25,
          minmay_quantized, uniq_sigmund

Skill      XL: |  1  2  3 |
---------------+----------+-----
Spellcasting   | 5 |  5.0
Invocations    | 1 |  1.0
Short Blades   | 1 |  1.0
Long Blades    | 1 |  1.0
Axes           | 1 |  1.0
Maces & Flails | 1 |  1.0
Polearms       | 1 |  1.0
Staves         | 1 |  1.0
Ranged Weapons | 1 |  1.0
Throwing       | 1 |  1.0
Armour         | 1 |  1.0
Stealth        | 1 |  1.0
Shields        | 1 |  1.0
Evocations     | 1 |  1.0
Fighting       | |  2.6
Dodging        | |  4.6
Unarmed Combat | |  6.5
Conjurations   | |  0.7
Hexes          | |  0.7
Summonings     | |  0.7
Necromancy     | |  0.7
Translocations | |  0.7
Transmutations | |  3.8
Fire Magic     | |  0.7
Ice Magic      | |  0.7
Air Magic      | |  0.7
Earth Magic    | |  0.7
Poison Magic   | |  0.7

Action                     || total
---------------------------++-------
  Melee: Unarmed           ||    84
         Bite              ||     7
         Punch             ||     2
         Headbutt          ||     1
         Kick              ||     3
   Cast: Beastly Appendage ||     5
   Stab: Sleeping          ||     3
 Armour: Robe              ||     9
  Dodge: Dodged            ||    65
